 Dungeon Crawl Stone Soup version 0.31-a0-188-g5e087ee2ca (webtiles) character file.

Game seed: 5131111737750156835

23 qw the Shooter (level 2, 0/16 HPs)
             Began as a Deep Elf Hunter on June 23, 2023.
             Succumbed to their own poison gas
             ... on level 1 of the Dungeon.
             The game lasted 00:00:14 (821 turns).

qw the Shooter (Deep Elf Hunter)                     Turns: 821, Time: 00:00:15

Health: 0/16       AC:  5    Str:  8    XL:     2   Next: 75%
Magic:  4/4        EV: 12    Int: 13    God:
Gold:   30         SH:  0    Dex: 18    Spells: 1/1 levels left

rFire   . . .        Y - +0 shortbow
rCold   . . .        (shield currently unavailable)
rNeg    . . .        c - +0 leather armour
rPois   .            (no helmet)
rElec   .            g - +0 cloak
rCorr   .            d - +0 pair of gloves
SInv    .            (no boots)
Will    .....        (no amulet)
Stlth   ++           (no ring)
HPRegen 0.22/turn    (no ring)
MPRegen 0.09/turn

%: no passive effects
@: lethally poisoned (0 -> -13)
A: no striking features
a: no special abilities


You were on level 1 of the Dungeon.
You visited 1 branch of the dungeon, and saw 1 of its levels.

You collected 30 gold pieces.


   Skills:
 - Level 1.5 Fighting
 + Level 6.5 Ranged Weapons
 - Level 2.4 Dodging
 - Level 1.2 Stealth


You had one spell level left.
You didn't know any spells.
Your spell library was empty.

Inventory:

Hand Weapons
 Y - a +0 shortbow (weapon)
Armour
 c - a +0 leather armour (worn)
 d - a +0 pair of gloves (worn)
 g - a +0 cloak (worn)
Potions
 f - a potion of attraction {unknown}

Dungeon Overview and Level Annotations

Branches:
Dungeon (1/15)

Altars:


Message History

You finish putting on your +0 pair of gloves.
813 ||| UPGRADING to +0 cloak.
You start putting on your armour.
You continue putting on your +0 cloak. x4
You finish putting on your +0 cloak.
Done exploring.
818 ||| READING scroll labelled PICOEGGYIF.
The air fills with toxic fumes!
As you read the scroll labelled PICOEGGYIF, it crumbles to dust.
It was a scroll of poison.
Done exploring.
819 ||| DROPPING scroll of butterflies.
You drop a scroll of butterflies.
Done exploring.
(D) Dungeon
Where to? (* - list waypoints, ? - help)
What level of the Dungeon? (default 1, ? - help) Sorry, I don't know how to get there.
Enter note:
Enter note:
Enter note:
Enter note:
Enter note:
Enter note:
Enter note:
Enter note:
Enter note:
Enter note:
Enter note:
Enter note:
Enter note:
Enter note:
Enter note:
Enter note:
Enter note:
Enter note: Really walk into that cloud of poison gas?
You are engulfed in poison gas.
You are lethally poisoned!
Ouch! That really hurt!
You feel very sick.
821 ||| Stepping ~*~*~tactically~*~*~ (cloud).
You die...

......#.......#.##[.#..#..#...#..
.##.#...........##¤¤.###¤..#.#...
.#######.##..##...¤¤#¤.¤#...#...#
.......#.#8..8####¤#¤.¤.¤#..#..#.
..#..#.##...>..###¤¤.¤.¤¤.#####..
....#..##.)....#¤.¤#¤.¤.¤#..#..#.
...#...###8..8##¤#¤¤#¤¤¤#...#...#
..#..#.####..##¤¤¤¤¤¤###...#.#...
.#.....##.#..###@#?¤#..#..#...#..
#.......#.##.# #.#¤#¤¤¤###.....##
..........##.# #..¤¤.¤#¤¤#.....#.
#......##.##.# ##.¤¤¤#¤¤.#.....#.
..........##.# #.¤¤¤¤.¤#.#...#.#
#......#####.## ##¤¤¤¤¤#¤..#.#...
..............# #¤¤¤¤¤¤.........
#...##.#####..# ################
.#...#.# #..#


There were no monsters in sight!

Vanquished Creatures
  A dart slug (D:1)
  2 endoplasms (D:1)
  2 goblins (D:1)
  3 hobgoblins (D:1)
  A ball python (D:1)
  4 bats (D:1)
  2 frilled lizards (D:1)
  3 kobolds (D:1)
  2 rats (D:1)
20 creatures vanquished.

Notes
Turn   | Place    | Note
-------+----------+-------------------------------------------
     0 | D:1      | qw the Deep Elf Hunter began the quest for the Orb.
     0 | D:1      | Reached XP level 1. HP: 12/12 MP: 3/3
     0 | D:1      | 0 ||| qw: Version: 0.3-a-9-g12657ce
     0 | D:1      | 0 ||| qw: Game counter: 4214
     0 | D:1      | 0 ||| qw: Always use a shield: true
     0 | D:1      | 0 ||| qw: God list: Okawaru
     0 | D:1      | 0 ||| qw: Allow faded altars: false
     0 | D:1      | 0 ||| qw: Do Orc after D:15 true
     0 | D:1      | 0 ||| qw: Do second Lair branch before Depths: true
     0 | D:1      | 0 ||| qw: Lair rune preference: random
     0 | D:1      | 0 ||| qw: Plans: Normal
     0 | D:1      | 0 ||| PLANNING D:1-11
   108 | D:1      | Reached XP level 2. HP: 16/16 MP: 4/4
   176 | D:1      | Reached skill level 6 in Ranged Weapons
   808 | D:1      | 808 ||| UPGRADING to +0 pair of gloves.
   813 | D:1      | 813 ||| UPGRADING to +0 cloak.
   818 | D:1      | 818 ||| READING scroll labelled PICOEGGYIF.
   819 | D:1      | 819 ||| DROPPING scroll of butterflies.
   820 | D:1      | HP: 3/16 [poisoned by you (poison gas)]
   821 | D:1      | 821 ||| Stepping ~*~*~tactically~*~*~ (cloud).
   821 | D:1      | Succumbed to their own poison gas

Levels and vault maps discovered:
D:1:      scummos_arrival_forest, layout_basic, st_stairs_6,
          minmay_splitting_lines, serial_bayou_pond_b, minivault_25,
          hangedman_decor_opposing

Skill      XL: |  1  2 |
---------------+-------+-----
Ranged Weapons | 6 |  6.5
Fighting       | |  1.5
Dodging        | |  2.4
Stealth        | |  1.2

Action                     || total
---------------------------++-------
   Fire: Shortbow          ||    38
    Use: Scroll            ||     1
 Armour: Leather armour    ||     2
  Dodge: Dodged            ||    10

Table legend:
 A = Non-vault XP
 B = Vault XP
 C = Vault XP percentage of total XP
 D = Non-vault monster count
 E = Vault monster count
 F = Vault count percentage of total count
                 A         B        C        D         E       F
            +---------+---------+-------+---------+---------+-------
      Total |      24 |      10 |  29.4 |      16 |       4 |  20.0
            +---------+---------+-------+---------+---------+-------
        D:1 |      24 |      10 |  29.4 |      16 |       4 |  20.0
            +---------+---------+-------+---------+---------+-------
